Map: Abiogenesis LE

Players

ZTR - Winner!

  • Race: Terran Terran
  • Spawn Location: 11:00

Kewlbum

  • Race: Zerg Zerg
  • League: Diamond
  • Spawn Location: 5:00

VOD

Have the link to the VOD?

Description

ZvT

Time

  • Played on: March 23, 2018, 12:10 a.m.
  • Length: 11:54
Show
View Real Time Build Order
Export as new Build Order

ZTR Terran - Winner!

Build Orders: Reaper Expand, Mech 

Get SALT Encoding   

  12  0:00  SCV  
  13  0:13  SCV  
  14  0:17  Supply Depot  
  14  0:25  SCV  
  15  0:39  SCV  
  15  0:40  Barracks  
  16  0:46  Refinery  
  16  0:51  SCV  
  17  1:03  SCV  
  18  1:10  Engineering Bay  
  18  1:16  SCV  
  19  1:29  Reaper  
  19  1:31  Orbital Command  
  20  1:51  Command Center  
  20  1:56  Refinery  
  20  1:58  SCV  
  21  2:02  Marine  
  22  2:11  Factory  
  22  2:13  SCV  
  23  2:23  Barracks Reactor  
  23  2:27  Supply Depot  
  23  2:48  SCV  
  24  2:58  Factory Reactor  
  24  3:00  Factory  
  24  3:03  SCV  
  25  3:08  Armory  
  25  3:15  Hellion x2  
  29  3:21  SCV  
  29  3:26  Orbital Command  
  30  3:37  SCV  
  31  3:46  Cyclone  
  31  3:47  Hellion  
  31  3:48  Hellion  
  37  3:49  SCV  
  37  3:51  SCV  
  39  4:07  Supply Depot  
  39  4:08  SCV  
  39  4:09  SCV  
  41  4:11  Cyclone  
  41  4:12  Hellion  
  46  4:26  Supply Depot  
  46  4:29  SCV x2, Cyclone  
  51  4:36  Hellbat  
  53  4:39  Terran Vehicle And Ship Armor Level 1  
  53  4:43  Factory  
  53  4:46  SCV  
  53  4:48  SCV, Hellbat  
  53  4:52  Supply Depot  
  57  5:05  Hellbat x2  
  57  5:06  SCV  
  62  5:13  SCV  
  56  5:30  Hellbat x2  
  60  5:36  Command Center  
  48  5:44  Factory Tech Lab, Factory Reactor  
  48  6:01  SCV x2, Hellion x2  
  48  6:03  Factory  
  48  6:04  Refinery x2  
  54  6:07  Engineering Bay  
  54  6:10  Armory  
  54  6:11  Siege Tank  
  54  6:13  SCV x2  
  54  6:16  Infernal Pre-Igniter  
  59  6:25  SCV  
  60  6:32  Hellbat x3  
  66  6:33  Hellbat  
  66  6:36  SCV  
  66  6:37  SCV  
  70  6:51  Factory Tech Lab  
  70  6:52  Terran Vehicle Weapons Level 1  
  70  7:00  Cyclone x2  
  76  7:16  Refinery  
  76  7:20  Thor, Refinery  
  82  7:24  Missile Turret  
  82  7:26  Missile Turret, Supply Depot  
  82  7:29  Supply Depot  
  82  7:32  Hellbat  
  84  7:47  Planetary Fortress, Thor, Hellbat  
  84  7:48  SCV  
  84  7:50  SCV  
  94  7:52  Supply Depot  
  94  7:58  Supply Depot  
  94  7:59  Terran Vehicle And Ship Armor Level 2  
  94  8:04  Hellbat x2  
  98  8:08  SCV x2  
  100  8:16  Missile Turret  
  100  8:18  Siege Tank  
  103  8:30  Siege Tank  
  106  8:35  SCV x3  
  109  8:47  SCV x3  
  108  8:59  SCV x2  
  91  9:05  Thor x2  
  91  9:07  Widow Mine x4  
  99  9:22  Factory  
  99  9:24  Factory  
  82  9:25  Terran Vehicle Weapons Level 2  
  76  9:55  Thor x2  
  76  9:56  Widow Mine  
  76  9:57  Widow Mine x3  
  96  10:19  Factory Tech Lab, Factory Reactor  
  96  10:24  Supply Depot  
  96  10:32  Hellbat x4  
  104  10:39  Supply Depot  
  104  10:41  Command Center  
  104  10:42  Thor  
  110  10:43  Siege Tank  
  110  10:44  Siege Tank  
  110  10:48  Supply Depot  
  110  10:49  SCV  
  118  10:50  SCV x2  
  119  10:58  Hellbat x3  
  125  11:07  Hellbat x2  
  125  11:08  Hellbat  
  131  11:22  Hellbat x2  
Show
View Real Time Build Order
Export as new Build Order

Kewlbum Zerg 

Build Orders: Pool First 

Get SALT Encoding   

  12  0:00  Drone  
  13  0:12  Overlord  
  13  0:17  Drone  
  14  0:31  Drone x2  
  14  0:34  Drone  
  17  0:46  Spawning Pool  
  17  0:49  Drone  
  17  0:56  Drone  
  18  1:18  Drone  
  19  1:21  Extractor, Hatchery  
  19  1:24  Drone  
  18  1:33  Zergling x2  
  18  1:36  Queen  
  21  1:43  Overlord  
  21  1:50  Drone  
  22  2:03  Drone  
  23  2:12  Drone  
  24  2:16  Queen  
  26  2:24  Metabolic Boost  
  26  2:30  Zergling x2  
  26  2:36  Drone x2  
  29  2:39  Queen  
  31  2:53  Drone, Extractor  
  31  2:58  Zergling x2  
  33  3:10  Drone  
  33  3:11  Overlord  
  34  3:18  Spine Crawler  
  33  3:25  Queen  
  33  3:26  Drone  
  36  3:33  Drone x3  
  36  3:34  Drone  
  39  3:56  Drone  
  39  4:02  Hatchery  
  39  4:07  Drone  
  39  4:08  Overlord, Drone  
  41  4:10  Drone x3  
  41  4:12  Lair  
  41  4:17  Baneling Nest  
  43  4:25  Drone  
  43  4:30  Drone x4  
  48  4:35  Drone  
  48  4:36  Zergling x6  
  52  4:51  Spore Crawler  
  51  5:01  Zergling x2  
  52  5:13  Zergling x2  
  52  5:14  Zergling x16  
  50  5:35  Zergling x14  
  57  5:39  Overlord x2  
  49  5:50  Queen x3  
  49  5:53  Drone  
  49  5:55  Spire  
  54  5:57  Drone x5, Extractor  
  54  5:58  Drone  
  59  6:04  Overlord  
  54  6:31  Drone x3  
  56  6:35  Drone x6, Extractor x2  
  60  6:45  Drone x3  
  63  6:49  Spine Crawler x2  
  63  6:50  Drone x3, Spine Crawler  
  63  6:51  Spine Crawler  
  63  6:52  Spine Crawler  
  63  6:54  Drone x2, Spine Crawler  
  60  6:57  Drone  
  63  7:05  Drone x3  
  63  7:07  Drone x2  
  68  7:11  Drone  
  68  7:12  Extractor  
  68  7:13  Extractor  
  68  7:14  Queen x3  
  73  7:17  Drone  
  73  7:19  Drone  
  73  7:21  Drone  
  73  7:22  Mutalisk x2  
  76  7:23  Mutalisk  
  82  7:33  Spore Crawler  
  82  7:34  Overlord x3  
  81  7:47  Drone  
  81  7:49  Spore Crawler  
  81  7:51  Zerg Flyer Weapons Level 1  
  81  7:58  Drone x4  
  85  8:00  Mutalisk x2  
  85  8:02  Drone  
  85  8:05  Drone  
  91  8:17  Drone  
  91  8:19  Drone, Mutalisk  
  93  8:25  Mutalisk x5  
  105  8:31  Overlord x3  
  104  8:40  Zergling x2  
  105  8:42  Overlord  
  105  8:43  Overlord  
  105  8:53  Mutalisk  
  105  8:54  Mutalisk x5  
  109  9:03  Mutalisk x2  
  109  9:05  Queen x2  
  104  9:25  Hatchery  
  103  9:33  Spine Crawler  
  103  9:34  Spine Crawler  
  103  9:36  Zergling x12  
  103  9:46  Mutalisk  
  91  10:02  Infestation Pit  
  90  10:07  Mutalisk x3  
  96  10:14  Mutalisk x2  
  100  10:28  Mutalisk x2  
  104  10:43  Hive  
  104  10:45  Drone x5  
  109  10:53  Drone x3  
  112  11:02  Hatchery, Extractor, Hydralisk Den  
  109  11:05  Extractor  
  108  11:13  Drone x3  
  108  11:14  Drone x3  
  114  11:31  Zergling x8  
  114  11:32  Zergling x6  
Tags
 
Composition
Mech
League
Diamond
Matchup
TvZ
Spawn Locations
Cross Positions
Add a new tag
Caveats
  • Supply blocks, unpowered buildings, or Contaminate may cause inaccurate times.
  • Supply counts are checked every 10 seconds.